 Dungeon Crawl Stone Soup version 0.27.0-66-gdc8fb28755 (webtiles) character file.

Game seed: 16754941005339917483

20400 bnorton916 the Nimble (level 12, 0/59 HPs)
             Began as a Deep Elf Conjurer on Aug 20, 2021.
             Was an Initiate of Gozag.
             Slain by a bullfrog (2 damage)
             ... while petrified by a basilisk
             ... on level 3 of the Lair of Beasts.
             The game lasted 00:36:09 (18515 turns).

bnorton916 the Nimble (Deep Elf Conjurer)          Turns: 18515, Time: 00:36:09

Health: 0/59       AC: 10    Str:  6    XL:     12   Next: 45%
Magic:  23/35      EV:  2    Int: 27    God:    Gozag
Gold:   1714       SH:  0    Dex: 16    Spells: 7/28 levels left

rFire    . . .     SeeInvis .   (no weapon)
rCold    . . .     Faith    .   (no shield)
rNeg     + + +     Spirit   .   o - +1 steam dragon scales
rPois    ∞         Reflect  +   v - +1 helmet
rElec    +         Harm     .   N - +0 cloak
rCorr    .         Rampage  .   T - +0 pair of gloves {Dex+3}
Will     +....                  (no boots)
Stlth    ++........             x - amulet of reflection
HPRegen  0.19/turn              f - ring of magical power
MPRegen  0.24/turn              F - ring "Sothuace" {rElec rPois}

@: petrified, slowed
A: no striking features
a: Renounce Religion, Potion Petition, Call Merchant, Bribe Branch


You were on level 3 of the Lair of Beasts.
You worshipped Gozag.
Gozag was most pleased with you.
You visited 2 branches of the dungeon, and saw 13 of its levels.
You also visited: Bailey.

You collected 2915 gold pieces.
You spent 723 gold pieces at shops.
You paid 478 gold pieces to Gozag.

Inventory:

Missiles
 c - 359 stones
Armour
 o - +1 steam dragon scales (worn)
 u - a +3 ring mail
 v - a +1 helmet (worn)
 N - a +0 cloak (worn)
 P - a +0 tower shield of protection
 T - a +0 pair of gloves of dexterity (worn)
Magical Staves
 a - a staff of earth
 i - a staff of air
 z - a staff of cold
Jewellery
 f - a ring of magical power (left hand)
 x - an amulet of reflection (around neck)
 A - a ring of flight
 F - the ring "Sothuace" (right hand) {rElec rPois}
   (You bought it in a shop on level 6 of the Dungeon)

   [ring of poison resistance]

   rElec:     It insulates you from electricity.
   rPois:     It protects you from poison.
Wands
 D - a wand of flame (91)
 I - a wand of digging (13)
 J - a wand of iceblast (31)
 L - a wand of polymorph (6)
 M - a wand of acid (28)
 O - a wand of paralysis (16)
Scrolls
 d - 2 scrolls of immolation
 g - 6 scrolls of teleportation
 h - 2 scrolls of fog
 k - a scroll of vulnerability
 l - 2 scrolls of noise
 n - 8 scrolls of enchant weapon
 p - 2 scrolls of torment
 r - a scroll of magic mapping
 y - a scroll of blinking
 C - 4 scrolls of amnesia
 E - a scroll of silence
Potions
 b - 10 potions of curing
 q - 2 potions of heal wounds
 s - 2 potions of lignification
 t - 3 potions of mutation
 w - 2 potions of brilliance
 G - a potion of attraction {unknown}
 H - a potion of berserk rage
 K - a potion of invisibility
 Q - 2 potions of flight
 R - a potion of haste


   Skills:
 + Level 2.8 Armour
 - Level 10.7 Dodging
 - Level 2.4 Stealth
 - Level 8.6 Spellcasting
 + Level 9.1 Conjurations
 - Level 9.5 Hexes
 - Level 7.9 Translocations
 + Level 3.7 Ice Magic
 - Level 3.0 Air Magic
 - Level 8.0 Earth Magic
 - Level 9.5 Poison Magic


You had 7 spell levels left.
You knew the following spells:

 Your Spells              Type           Power      Damage    Failure   Level
a - Magic Dart            Conj           100%       1d8       1%          1
b - Searing Ray           Conj           100%       3d7       1%          2
c - Fulminant Prism       Conj/Hex       29%        3d14      1%          4
d - Iskenderun's Mystic   Conj/Tloc      55%        2d12      1%          4
e - Stone Arrow           Conj/Erth      100%       3d13      1%          3
f - Poisonous Vapours     Pois/Air       90%        N/A       1%          2
g - Freezing Cloud        Conj/Ice/Air   20%        6-21      16%         5

Your spell library contained the following spells:

 Spells                   Type           Power      Damage    Failure   Level
 Sting                    Tmut/Pois      100%       1d8       1%          1
 Passwall                 Tmut/Erth      27%        N/A       1%          2
 Dazzling Flash           Conj/Hex       100%       N/A       1%          3
 Olgreb's Toxic Radiance  Pois           59%        N/A       1%          4
 Swiftness                Air            27%        N/A       4%          3
 Bolt of Magma            Conj/Fire/Erth 21%        4d11      13%         5
 Invisibility             Hex            29%        N/A       16%         6
 Alistair's Intoxication  Tmut/Pois      24%        N/A       19%         5
 Summon Mana Viper        Hex/Summ       37%        N/A       19%         5
 Borgnjor's Vile Clutch   Necr/Erth      16%        N/A       26%         5
 Eringya's Noxious Bog    Tmut/Pois      18%        N/A       71%         6
 Shatter                  Erth           26%        3d22*     100%        9


Dungeon Overview and Level Annotations

Branches:
Dungeon (10/15)            Temple (0/1) D:7            Lair (3/6) D:10
 Bailey (visited)
  Swamp: Lair:2-4    Shoals: Lair:2-4     Snake: Lair:2-4    Spider: Lair:2-4
    Orc: D:9-12

Altars:
Ashenzari
Cheibriados
Dithmenos
Gozag
Hepliaklqana
Nemelex Xobeh
Okawaru
Qazlal
Ru
Uskayaw
Vehumet
Yredelemnul

Shops:
D:6 =   Lair:1 *

Annotations:
Lair:3 1 runed translucent door


Message History

The water moccasin hisses angrily.
The bullfrog hits you.
The dream sheep bites you but does no damage.
The dream sheep bites you. The basilisk gazes at you.
You easily resist.
The bullfrog hits you. The torpor snail bites you! The dream sheep bites you.
The bullfrog hits you but does no damage.
The dream sheep bites you but does no damage.
The basilisk bites you.
The bullfrog hits you but does no damage.
The dream sheep bites you but does no damage.
The dream sheep bites you.
The torpor snail bites you but does no damage.
The basilisk gazes at you.
You easily resist.
The bullfrog hits you. The dream sheep barely misses you.
The dream sheep bites you but does no damage.
The bullfrog hits you but does no damage.
The basilisk bites you but does no damage.
The torpor snail bites you!!
* * * LOW HITPOINT WARNING * * *
You hear a howl!
You hear a shout! x2
The bullfrog hits you.
The dream sheep bites you but does no damage. x2
The basilisk gazes at you.
The bullfrog hits you but does no damage.
You hear a howl!
The dream sheep bites you.
* * * LOW HITPOINT WARNING * * *
The bullfrog hits you but does no damage.
The dream sheep bites you.
* * * LOW HITPOINT WARNING * * *
The torpor snail bites you!
* * * LOW HITPOINT WARNING * * *
The dream sheep bites you but does no damage.
The basilisk bites you. The bullfrog hits you.
You die...
Your body crumbles into a pile of gold.

............... $ ..
#.............. #.
#............. ##..
##............. #...
##..............
##..>.##...............
......#S...............
......YYl......(.......
.......@FY$............
..8#♣♣.wYY...........?.
+## ♣..#F.............
.P ♣.###.............
♣. #............. $ .$
............... ♣.$
..............Y ♣.. <.#


You could see a torpor snail, a basilisk, a water moccasin, 2 bullfrogs and 5
dream sheep.

Vanquished Creatures
  Erolcha (D:9)
  2 hydras (Lair:1)
  3 orc knights (Bailey)
  Pikel (D:7)
  A black mamba (Lair:1)
  Maurice (D:8)
  A cane toad (Lair:3)
  Maggie (D:8)
  A gargoyle (D:10)
  A komodo dragon (Lair:1)
  A troll (D:10)
  A hornet (D:9)
  2 dream sheep (Lair:3)
  15 blink frogs
  6 wyverns
  2 steam dragons
  Eustachio (D:6)
  20 yaks
  A basilisk (Lair:2)
  2 wargs (D:10)
  Grum (D:8)
  Menkaure (D:5)
  An acid dragon (D:10)
  9 water moccasins
  2 ice beasts
  A necrophage (D:6)
  5 orc warriors
  3 sky beasts
  A black bear (D:5)
  An ogre (D:6)
  2 wolves (D:8)
  3 lemures (D:7)
  3 centaurs
  10 bullfrogs
  2 kobold brigands
  2 gnoll sergeants
  4 killer bees (D:10)
  22 wights
  A howler monkey (D:10)
  2 electric eels (D:7)
  5 centaur zombies
  A bullfrog zombie (D:4)
  3 jellies
  5 orc priests
  3 hounds
  2 centaur skeletons
  2 gnoll shamans
  10 orc wizards
  3 killer bee zombies
  2 hound skeletons
  A howler monkey zombie (D:8)
  19 gnolls
  6 adders
  3 shadow imps (D:6)
  A white imp (D:8)
  An adder skeleton (D:4)
  2 dart slugs
  32 orcs
  10 ball pythons
  4 bats
  6 endoplasms
  A giant cockroach (D:4)
  11 goblins
  7 hobgoblins
  18 jackals
  4 quokkas
  8 frilled lizards
  18 kobolds
  4 rats
  A butterfly (Lair:2)
333 creatures vanquished.

Vanquished Creatures (others)
  An orc (D:7)
  49 fulminant prisms
  13 fungi
  60 plants
123 creatures vanquished.

Grand Total: 456 creatures vanquished

Notes
Turn   | Place    | Note
-------+----------+-------------------------------------------
     0 | D:1      | bnorton916 the Deep Elf Conjurer began the quest for the
                  | Orb.
     0 | D:1      | Reached XP level 1. HP: 10/10 MP: 6/6
   251 | D:1      | Reached XP level 2. HP: 15/15 MP: 8/8
   534 | D:1      | Learned a level 2 spell: Searing Ray
   738 | D:1      | Reached skill level 5 in Conjurations
   738 | D:1      | Reached XP level 3. HP: 19/19 MP: 10/10
  1341 | D:2      | Reached XP level 4. HP: 24/24 MP: 11/12
  2093 | D:3      | Reached skill level 5 in Spellcasting
  2203 | D:3      | Noticed an ice beast
  2213 | D:3      | Killed an ice beast
  2214 | D:3      | Reached XP level 5. HP: 28/28 MP: 14/15
  2342 | D:3      | Found an opulent altar of Gozag.
  2342 | D:3      | Found a broken altar of Ashenzari.
  2346 | D:3      | Became a worshipper of Gozag Ym Sagoz the Greedy
  2860 | D:4      | Noticed a water moccasin
  2866 | D:4      | Killed a water moccasin
  2867 | D:4      | Reached XP level 6. HP: 16/32 MP: 17/17
  3323 | D:4      | Noticed a sky beast
  3352 | D:4      | Killed a sky beast
  3353 | D:4      | Reached XP level 7. HP: 8/36 MP: 18/20
  4258 | D:5      | Entered Level 5 of the Dungeon
  4309 | D:5      | Noticed Menkaure
  4314 | D:5      | Killed Menkaure
  4415 | D:5      | Learned a level 4 spell: Fulminant Prism
  4420 | D:5      | Learned a level 4 spell: Iskenderun's Mystic Blast
  4424 | D:5      | Learned a level 3 spell: Stone Arrow
  4645 | D:5      | Reached skill level 1 in Hexes
  4678 | D:5      | Reached skill level 1 in Translocations
  4678 | D:5      | Reached skill level 1 in Earth Magic
  4960 | D:5      | Reached XP level 8. HP: 41/41 MP: 22/22
  4986 | D:5      | Found a radiant altar of Vehumet.
  5063 | D:5      | Found a snail-covered altar of Cheibriados.
  5512 | D:6      | Found an iron altar of Okawaru.
  5718 | D:6      | Found a shadowy altar of Dithmenos.
  5832 | D:6      | Found a hide-covered altar of Uskayaw.
  5921 | D:6      | Found Tuusmesi's Jewellery Boutique.
  5928 | D:6      | Bought the ring "Sothuace" {rElec rPois} for 476 gold
                  | pieces
  5959 | D:6      | Noticed Eustachio
  5964 | D:6      | Reached skill level 5 in Hexes
  6127 | D:6      | Killed Eustachio
  6128 | D:6      | Reached XP level 9. HP: 45/45 MP: 21/23
  6622 | D:7      | Found a sparkling altar of Nemelex Xobeh.
  6644 | D:7      | Reached skill level 5 in Translocations
  6644 | D:7      | Reached skill level 5 in Earth Magic
  6676 | D:7      | Found a basalt altar of Yredelemnul.
  6684 | D:7      | Noticed Pikel
  6689 | D:7      | Killed Pikel
  7170 | D:7      | Found a staircase to the Ecumenical Temple.
  7609 | D:7      | Found a stormy altar of Qazlal.
  8273 | D:8      | Noticed Maurice
  8638 | D:8      | Reached XP level 10. HP: 20/50 MP: 21/24
  8828 | D:8      | Killed Maurice
  8852 | D:8      | Noticed Grum
  8857 | D:8      | Killed Grum
  8900 | D:8      | Got the Reference Book on Entrancing Arcane Weapons
  9030 | D:8      | Noticed Maggie
  9042 | D:8      | Killed Maggie
  9788 | D:8      | Learned a level 2 spell: Poisonous Vapours
  9827 | D:8      | Found a sacrificial altar of Ru.
  9900 | D:8      | Reached skill level 1 in Poison Magic
  9903 | D:8      | Reached skill level 3 in Dodging
  9905 | D:8      | Reached skill level 4 in Dodging
 10409 | D:9      | Noticed Erolcha
 10419 | D:9      | Reached skill level 5 in Dodging
 10424 | D:9      | Killed Erolcha
 10425 | D:9      | Reached skill level 6 in Dodging
 10425 | D:9      | Reached skill level 5 in Poison Magic
 10629 | D:9      | Found a flagged portal.
 10635 | Bailey   | Entered a bailey
 11112 | Bailey   | Reached XP level 11. HP: 54/54 MP: 25/25
 11228 | Bailey   | Noticed an orc knight
 11228 | Bailey   | Noticed an orc knight
 11236 | Bailey   | Noticed an orc knight
 11287 | Bailey   | Killed an orc knight
 11291 | Bailey   | Killed an orc knight
 11292 | Bailey   | Reached skill level 7 in Dodging
 11412 | Bailey   | Killed an orc knight
 12488 | D:9      | Reached skill level 8 in Dodging
 12759 | D:10     | Entered Level 10 of the Dungeon
 13355 | D:10     | Reached skill level 9 in Dodging
 13986 | D:10     | Found a hazy altar of Hepliaklqana.
 14144 | D:10     | Found a staircase to the Lair.
 14267 | Lair:1   | Entered Level 1 of the Lair of Beasts
 14274 | Lair:1   | Bought a pair of glowing gloves for 247 gold pieces
 14997 | Lair:1   | Noticed a seven-headed hydra
 15015 | Lair:1   | Killed a seven-headed hydra
 15016 | Lair:1   | Reached skill level 10 in Dodging
 15541 | Lair:1   | Noticed an eight-headed hydra
 15554 | Lair:1   | Killed an eight-headed hydra
 15822 | Lair:1   | Reached XP level 12. HP: 48/59 MP: 17/26
 15848 | Lair:1   | Learned a level 5 spell: Freezing Cloud
 15990 | Lair:1   | Reached skill level 1 in Ice Magic
 16005 | Lair:1   | Reached skill level 1 in Air Magic
 16226 | Lair:1   | Reached skill level 1 in Armour
 18469 | Lair:3   | Found a runed translucent door.
 18514 | Lair:3   | HP: 2/59 [torpor snail (6)]
 18515 | Lair:3   | Slain by a bullfrog

Illustrated notes

Levels and vault maps discovered:
D:1:      heliophobic_arrival_battle_scene, layout_basic
D:2:      layout_loops_ring, chequers_serial_rivers_small_a,
          kennysheep_generic_room_10
D:3:      layout_rooms, gammafunk_temple_overflow_wave
D:4:      layout_basic, serial_glass, glass_columns_a, glass_columns_a,
          minmay_box_of_dots
D:5:      layout_basic, kennysheep_mini, kennysheep_slug_shrine,
          kennysheep_generic_room_13, uniq_menkaure
D:6:      layout_cave_pools, okawaru_metal_pillars_1_2,
          mainiacjoe_overflow_brackets, general_overflow_altar, serial_shops,
          nicolae_shop_waterfront, uniq_eustachio
D:7:      layout_cave_pools, grunt_qazlal_sundering,
          mainiacjoe_overflow_catwalk_spiral, temple_doors_ab, serial_bayou,
          serial_bayou_pond_b, serial_bayou_pond_c, serial_bayou_ford_a,
          serial_bayou_lagoon_a, uniq_pikel
D:8:      layout_rooms, hangedman_ru_absence, uniq_grum, uniq_maggie,
          uniq_maurice
D:9:      layout_basic, enter_bailey_3, nicolae_sextant, uniq_erolcha
D:10:     layout_cave_pools, marbit_many_paths, erik_lair_orcish_takeover,
          unseen_surprise_small
Lair:1:   layout_cave_pods, st_stairs_3
Lair:2:   layout_misc_corridors, lemuel_fruit_fields, grunt_megastairs_3,
          infiniplex_staircase_pool_2
Lair:3:   layout_gridlike, ebering_ghost_funeral_grove, uniq_gastronok

Skill      XL: |  1  2  3  4  5  6  7  8  9 10 11 12 |
---------------+-------------------------------------+-----
Spellcasting   | 4 5 6 7 8 |  8.6
Conjurations   | 5 6 7 8 9 |  9.1
Hexes          | 1 5 8 9 |  9.5
Translocations | 1 4 7 |  7.9
Earth Magic    | 1 4 7 8 |  8.0
Poison Magic   | 5 9 |  9.5
Dodging        | 6 10 | 10.7
Ice Magic      | 3 |  3.7
Air Magic      | 3 |  3.0
Armour         | 2 |  2.8
Stealth        | |  2.4

Action                   |  1- 3 |  4- 6 |  7- 9 | 10-12 || total
-------------------------+-------+-------+-------+-------++-------
 Cast: Magic Dart        |    76 |    72 |   140 |    98 ||   386
       Searing Ray       |     3 |     7 |    42 |    89 ||   141
       Iskenderun's Myst |       |       |    13 |    32 ||    45
       Fulminant Prism   |       |       |    12 |    37 ||    49
       Poisonous Vapours |       |       |       |    37 ||    37
       Stone Arrow       |       |       |       |     6 ||     6
Invok: Call Merchant     |       |       |       |     1 ||     1
Evoke: Wand              |       |       |       |     1 ||     1
  Use: Scroll            |       |       |       |    19 ||    19
       Potion            |       |       |       |     2 ||     2
Armor: Robe              |     5 |     1 |    10 |     3 ||    19
       Steam dragon scal |       |       |       |    38 ||    38
Dodge: Dodged            |     5 |    13 |    16 |    78 ||   112
Block: Other             |       |       |     7 |    19 ||    26
       Reflection        |       |       |     2 |     1 ||     3
